 Dungeon Sprint DCSS version 0.29.0-11-gd7f09526c8 (webtiles) character file.

Game seed: 14634924143445197607

2641 Zeld the Severer (level 9, -3/135 HPs)
             Began as a Minotaur Berserker on Sept 6, 2022.
             Was a High Priest of Trog.
             Slain by a tengu warrior
             ... wielding a +0 glaive
              (6 damage)
             ... in the Dungeon (Sprint IX: "|||||||||||||||||||||||||||||").
             The game lasted 00:00:33 (810 turns).

Zeld the Severer (Minotaur Berserker)                Turns: 810, Time: 00:00:34

Health: -3/135     AC:  4    Str: 27    XL:     9   Next: 35%
Magic:  8/8        EV: 15    Int:  4    God:    Trog [*****.]
Gold:   0          SH:  0    Dex:  9    Spells: 8/8 levels left

rFire   . . .      SeeInvis .   a - +3 war axe (vorpal)
rCold   . . .      Faith    .   (no shield)
rNeg    . . .      Spirit   .   b - +0 animal skin
rPois   .          Reflect  .   (helmet restricted)
rElec   .          Harm     .   (no cloak)
rCorr   .          Rampage  .   k - +0 pair of gloves
Will    .....      NoTele   +   (no boots)
Stlth   ..........              (no amulet)
HPRegen 0.32/turn               (no ring)
MPRegen 0.11/turn               (no ring)

@: berserking (expiring), very quick
A: horns 2, retaliatory headbutt
a: Renounce Religion, Berserk, Trog's Hand, Brothers in Arms


You were in the Dungeon.
You worshipped Trog.
Trog was extremely pleased with you.
You visited 1 branch

Inventory:

Hand Weapons
 a - a +3 vorpal war axe (weapon)
Armour
 b - a +0 animal skin (worn)
 k - a +0 pair of gloves (worn)
Jewellery
 l - a +2 ring of evasion
 m - a +3 ring of intelligence
Wands
 j - a wand of acid (10)
Scrolls
 h - 2 scrolls of blinking
Potions
 c - 5 potions of curing
 d - 3 potions of heal wounds
 e - a potion of haste
 f - 4 potions of magic
 g - a potion of berserk rage
 i - a potion of invisibility


   Skills:
 + Level 12.2 Fighting
 * Level 16.5 Axes
 + Level 11.9 Armour
 + Level 11.0 Dodging


You had 8 spell levels left.
You didn't know any spells.
Your spell library was empty.

Dungeon Overview and Level Annotations

Branches:
Dungeon (1/1)

Altars:
Cheibriados
Dithmenos
Elyvilon
Fedhas
Gozag
Hepliaklqana
Kikubaaqudgha
Makhleb
Nemelex Xobeh
Okawaru
Qazlal
Ru
Sif Muna
Trog
Uskayaw
Vehumet
Wu Jian
Xom
Yredelemnul
Zin
The Shining One
Jiyva
Lugonu


Innate Abilities, Weirdness & Mutations

You have a pair of horns on your head.
You reflexively headbutt those who attack you in melee.


Message History

Your experience leads to an increase in your attributes!
Increase (S)trength, (I)ntelligence, or (D)exterity?
You feel stronger. x2
You slash the white ugly thing!
The white ugly thing is moderately wounded.
Unknown command.
You are too injured to fight recklessly!
You slice the white ugly thing!! You headbutt the white ugly thing.
The white ugly thing is almost dead.
The white ugly thing kicks you! The white ugly thing freezes you!!
* * * LOW HITPOINT WARNING * * *
Unknown command.
You slash the white ugly thing!
You kill the white ugly thing!
Trog accepts your kill.
Your Fighting skill increases to level 12!
Your Axes skill increases to level 16!
Your Dodging skill increases to level 11!
The tengu warrior barely misses you. You furiously retaliate!
You headbutt the tengu warrior!! The tengu warrior misses you.
The tengu warrior claws you.
* * * LOW HITPOINT WARNING * * *
Items here: )) [ ††.
Unknown command.
You slash the tengu warrior!
The tengu warrior is heavily wounded.
The tengu warrior completely misses you.
You furiously retaliate!
You headbutt the tengu warrior, but do no damage.
The tengu warrior pecks you.
* * * LOW HITPOINT WARNING * * *
The tengu warrior claws you but does no damage.
You hit the tengu warrior. You headbutt the tengu warrior.
The tengu warrior is severely wounded.
You slash the tengu warrior!
The tengu warrior is almost dead.
The tengu warrior hits you with a +0 glaive!
* * * LOW HITPOINT WARNING * * *
The tengu warrior closely misses you. The tengu warrior claws you.
You die... ▓▓▓▓▓▓▓▓▓▓▓▓▓▓▓▓▓▓▓▓▓▓ )).[[..')).÷..')@Q...+ ▓▓▓▓▓▓▓▓▓▓▓▓▓▓▓▓▓▓▓▓▓▓

You could see a tengu warrior.

Vanquished Creatures
  A centaur warrior (D)
  A cyclops (D)
  A deep elf pyromancer (D)
  An ugly thing (D)
  A troll (D)
  A slime creature (D)
  A yak (D)
  An acid dragon (D)
  An ice beast (D)
  A centaur (D)
  A howler monkey (D)
  A jelly (D)
  An orc wizard (D)
  A worm (D)
  An orc (D)
  A goblin (D)
  A kobold (D)
  2 quokkas (D)
  A ball python (D)
  A rat (D)
21 creatures vanquished.

Notes
Turn   | Place    | Note
-------+----------+-------------------------------------------
     0 | D        | Zeld the Minotaur Berserker began the quest for the Orb.
     0 | D        | Reached XP level 1. HP: 19/19 MP: 0/0
     8 | D        | Reached skill level 4 in Axes
     8 | D        | Reached ** piety under Trog
   216 | D        | Noticed an ice beast
   216 | D        | Noticed a jelly
   224 | D        | Reached *** piety under Trog
   225 | D        | Reached XP level 2. HP: 27/27 MP: 1/1
   227 | D        | Killed an ice beast
   228 | D        | Reached skill level 5 in Fighting
   228 | D        | Reached skill level 7 in Axes
   228 | D        | Reached skill level 5 in Armour
   228 | D        | Reached XP level 3. HP: 32/37 MP: 2/2
   228 | D        | Reached XP level 4. HP: 38/44 MP: 3/3
   230 | D        | Reached skill level 8 in Axes
   230 | D        | Reached skill level 5 in Dodging
   481 | D        | Found a snail-covered altar of Cheibriados.
   481 | D        | Found a shadowy altar of Dithmenos.
   481 | D        | Found a white marble altar of Elyvilon.
   481 | D        | Found a blossoming altar of Fedhas.
   481 | D        | Found an opulent altar of Gozag.
   482 | D        | Found a hazy altar of Hepliaklqana.
   483 | D        | Found a viscous altar of Jiyva.
   484 | D        | Found an ancient bone altar of Kikubaaqudgha.
   485 | D        | Found a corrupted altar of Lugonu.
   486 | D        | Found a burning altar of Makhleb.
   487 | D        | Found a sparkling altar of Nemelex Xobeh.
   488 | D        | Found an iron altar of Okawaru.
   489 | D        | Found a stormy altar of Qazlal.
   490 | D        | Found a sacrificial altar of Ru.
   491 | D        | Found a shimmering blue altar of Sif Muna.
   492 | D        | Found a bloodstained altar of Trog.
   493 | D        | Found a hide-covered altar of Uskayaw.
   494 | D        | Found a radiant altar of Vehumet.
   495 | D        | Found an ornate altar of the Wu Jian Council.
   496 | D        | Found a shimmering altar of Xom.
   497 | D        | Found a basalt altar of Yredelemnul.
   498 | D        | Found a glowing silver altar of Zin.
   499 | D        | Found a glowing golden altar of the Shining One.
   534 | D        | Noticed a centaur
   534 | D        | Noticed a troll
   534 | D        | Noticed an acid dragon
   534 | D        | Noticed a yak
   538 | D        | Killed a centaur
   539 | D        | Reached skill level 9 in Axes
   539 | D        | Reached XP level 5. HP: 52/52 MP: 4/4
   540 | D        | Killed a troll
   540 | D        | Reached **** piety under Trog
   541 | D        | Reached skill level 11 in Axes
   541 | D        | Reached XP level 6. HP: 62/62 MP: 5/5
   545 | D        | Killed an acid dragon
   546 | D        | Reached skill level 12 in Axes
   546 | D        | Reached XP level 7. HP: 69/70 MP: 6/6
   548 | D        | Killed a yak
   548 | D        | Reached ***** piety under Trog
   788 | D        | Noticed a slime creature
   788 | D        | Noticed a cyclops
   788 | D        | Noticed a centaur warrior
   788 | D        | Noticed a deep elf pyromancer
   788 | D        | Noticed a white ugly thing
   788 | D        | Noticed a tengu warrior
   793 | D        | Killed a slime creature
   794 | D        | Reached skill level 13 in Axes
   796 | D        | Killed a cyclops
   797 | D        | Reached skill level 10 in Fighting
   797 | D        | Reached skill level 14 in Axes
   797 | D        | Reached skill level 10 in Armour
   797 | D        | Reached XP level 8. HP: 63/81 MP: 7/7
   801 | D        | Killed a centaur warrior
   801 | D        | Received a gift from Trog
   802 | D        | Reached skill level 15 in Axes
   802 | D        | Reached skill level 10 in Dodging
   803 | D        | Killed a deep elf pyromancer
   804 | D        | Reached XP level 9. HP: 55/90 MP: 8/8
   806 | D        | Killed a white ugly thing
   807 | D        | Reached skill level 16 in Axes
   810 | D        | HP: 3/135 [tengu warrior/+0 glaive (13)]
   810 | D        | Slain by a tengu warrior

Illustrated notes

Levels and vault maps discovered:
D:        linesprint [early_d, line_temple, items_1, d_10, items_2, lair_1,
          lair_end, items_3, orc_1, orc_end, items_4, d_15, swamp_1, shoals_1,
          snake_1, spider_1, d_20, vaults_1, items_5, swamp_end, shoals_end,
          snake_end, spider_end, vaults_end, d_27, items_6, zot_1, zot_end,
          crypt_end, forest_end, elf_end, slime_end, tomb_end, abyss_end,
          pan_hell_end]

Skill      XL: |  1  2  3  4  5  6  7  8  9 |
---------------+----------------------------+-----
Axes           | 4 7 9 11 12 14 15 16 | 16.5
Fighting       | 4 5 7 8 9 10 11 12 | 12.2
Armour         | 3 5 6 8 10 11 | 11.9
Dodging        | 4 6 7 9 10 11 | 11.0

Action                   |  1- 3 |  4- 6 |  7- 9 || total
-------------------------+-------+-------+-------++-------
Melee: Hand axe          |    23 |     3 |       ||    26
       Headbutt          |     2 |     4 |     7 ||    13
       War axe           |       |     7 |    22 ||    29
       Punch             |       |     1 |     1 ||     2
Invok: Berserk           |     1 |     1 |     1 ||     3
Armor: Animal skin       |       |     2 |     3 ||     5
Dodge: Dodged            |    12 |     8 |     6 ||    26
